 Dungeon Crawl Stone Soup version 0.29-a0-541-gaf1fc19f1b (webtiles) character file.

Game seed: 16202151071319662064

1356 Morbidden the Conjurer (level 8, -10/74 HPs)
             Began as a Troll Conjurer on June 2, 2022.
             Was an Initiate of Cheibriados.
             Mangled by an orc warrior
             ... wielding a +0 trident
              (19 damage)
             ... on level 6 of the Dungeon.
             The game lasted 00:08:11 (6653 turns).

Morbidden the Conjurer (Troll Conjurer)             Turns: 6653, Time: 00:08:11

Health: -10/74     AC:  4    Str: 17    XL:     8   Next: 37%
Magic:  11/20      EV: 10    Int: 17    God:    Cheibriados [......]
Gold:   327        SH:  0    Dex:  9    Spells: 4/12 levels left

rFire   + . .      SeeInvis .     - Unarmed
rCold   . . .      Faith    .   (no shield)
rNeg    . . .      Spirit   .   a - +0 robe
rPois   .          Reflect  .   (helmet currently unavailable)
rElec   .          Harm     .   (no cloak)
rCorr   .          Rampage  .   (gloves unavailable)
Will    .....                   (boots unavailable)
Stlth   ++........              C - amulet of regeneration
HPRegen 1.82/turn               w - ring of magical power
MPRegen 0.17/turn               E - ring of protection from fire

@: appendages, very slow
A: horns 2, talons 2, large, unfitting armour, claws 3, regeneration 1, shaggy
fur 1, tough skin 1
a: End Transformation, Renounce Religion


You were on level 6 of the Dungeon.
You worshipped Cheibriados.
Cheibriados was noncommittal.
You had temporarily grown beastly horns and talons.
You visited 2 branches of the dungeon, and saw 7 of its levels.

You collected 327 gold pieces.

Inventory:

Missiles
 g - 147 stones
 k - 6 boomerangs (quivered)
 y - 3 large rocks
 H - a throwing net
Armour
 a - a +0 robe (worn)
Jewellery
 w - a ring of magical power (left claw)
 C - an amulet of regeneration (around neck)
 E - a ring of protection from fire (right claw)
Wands
 x - a wand of charming (3)
Scrolls
 c - 3 scrolls of teleportation
 e - 4 scrolls of identify
 h - a scroll of enchant weapon {unknown}
 i - a scroll of acquirement {unknown}
 n - a scroll of magic mapping {unknown}
 q - 2 scrolls of blinking
 r - 2 scrolls of torment {unknown}
 z - 3 scrolls of vulnerability {unknown}
 A - a scroll of noise {unknown}
 B - a scroll of amnesia {unknown}
 D - a scroll of immolation {unknown}
 G - a scroll of fear {unknown}
Potions
 b - a potion of magic
 d - a potion of mutation {unknown}
 f - a potion of berserk rage {unknown}
 j - a potion of lignification {unknown}
 l - 2 potions of heal wounds {unknown}
 m - 2 potions of haste {unknown}
 o - a potion of might {unknown}
 p - 2 potions of curing {unknown}
 s - 3 potions of attraction {unknown}
 t - 2 potions of invisibility {unknown}
 u - a potion of cancellation {unknown}
 v - a potion of flight {unknown}
 F - a potion of resistance {unknown}


   Skills:
 * Level 2.3 Fighting
 + Level 0.2 Throwing
 * Level 3.6 Dodging
 + Level 1.6 Stealth
 * Level 4.3 Unarmed Combat
 * Level 2.9 Spellcasting
 * Level 4.4 Conjurations
 * Level 1.4 Translocations
 * Level 1.7 Transmutations
 * Level 0.3 Invocations


You had 4 spell levels left.
You knew the following spells:

 Your Spells              Type           Power      Damage    Failure   Level
a - Magic Dart            Conj           68%        1d6       3%          1
b - Searing Ray           Conj           34%        2d5       4%          2
s - Beastly Appendage     Tmut           16%        N/A       9%          1
z - Iskenderun's Mystic   Conj/Tloc      12%        2d5       45%         4

Your spell library contained the following spells:

 Spells                   Type           Power      Damage    Failure   Level
 Apportation              Tloc           14%        N/A       10%         1
 Wereblood                Tmut           8%         N/A       13%         2
 Dazzling Flash           Conj/Hex       20%        N/A       22%         3
 Spider Form              Tmut/Pois      5%         N/A       36%         3
 Inner Flame              Hex/Fire       2%         N/A       47%         3
 Fulminant Prism          Conj/Hex       5%         3d7       56%         4
 Cause Fear               Hex            1%         N/A       87%         4
 Alistair's Intoxication  Tmut/Pois      3%         N/A       98%         5
 Discord                  Hex            1%         N/A       100%        8


Dungeon Overview and Level Annotations

Branches:
Dungeon (6/15)             Temple (1/1) D:5

Altars:
Ashenzari
Cheibriados
Dithmenos
Elyvilon
Gozag
Hepliaklqana
Kikubaaqudgha
Nemelex Xobeh
Okawaru
Qazlal
Ru
Sif Muna
Trog
Xom
Zin
The Shining One


Innate Abilities, Weirdness & Mutations

You have temporarily grown beastly horns and talons.
You are too large for most types of armour.
You have claws for hands.
Your natural rate of healing is unusually fast.
You are covered in fur. (AC +1)
You have tough skin. (AC +1)


Message History

The searing ray hits the orc warrior.
The orc warrior is lightly wounded.
The orc warrior closely misses you.
Unknown command.
The searing ray hits the orc warrior but does no damage.
The orc warrior is lightly wounded.
The orc warrior hits you from afar with a +0 trident!!
Unknown command.
Casting: Searing Ray (safe; 4% risk of failure)
Confirm with . or Enter, or press ? or * to list all spells.
You grow a pair of large bovine horns.
Your feet morph into talons.
The orc warrior hits you from afar with a +0 trident!
Unknown command.
The orc warrior barely misses you.
Unknown command.
You barely miss the orc warrior. Your kick misses the orc warrior.
You headbutt the orc warrior.
The orc warrior is moderately wounded.
The orc warrior hits you with a +0 trident!
The orc hits you with a +0 whip.
You scratch the orc warrior but do no damage.
Your kick misses the orc warrior.
The orc warrior is moderately wounded.
The orc hits you with a +0 whip.
The orc warrior hits you with a +0 trident!
Unknown command.
You closely miss the orc. Your kick misses the orc.
The orc warrior hits you with a +0 trident!
* * * LOW HITPOINT WARNING * * *
The orc hits you with a +0 whip.
* * * LOW HITPOINT WARNING * * *
Unknown command.
Unknown command.
You scratch the orc warrior but do no damage.
Your kick misses the orc warrior.
The orc warrior is moderately wounded.
The orc hits you with a +0 whip.
* * * LOW HITPOINT WARNING * * *
The orc warrior hits you with a +0 trident!!
You die...

.....##
)....##
#........
......#
#........
......#
#.......
#......
......# ##....
...).# #...
#.).# #..
#.oo# #. ##)@#
#...## #
##....# ##
##....## .##
##....## ..##
##...### #..##
##...##
#...#####...##
)...##.....##


You could see an orc warrior and an orc.

Vanquished Creatures
  2 yaks (D:4)
  A water moccasin (D:5)
  An ogre (D:5)
  A phantom (D:5)
  4 scorpions
  3 hounds
  4 orc priests
  3 iguanas (D:5)
  2 orc wizards
  8 gnolls
  6 adders
  2 white imps (D:5)
  21 orcs
  6 endoplasms
  6 giant cockroaches
  3 hobgoblins
  2 quokkas
  4 ball pythons
  6 bats
  7 frilled lizards
  8 goblins
  8 kobolds
  8 rats
116 creatures vanquished.

Notes
Turn   | Place    | Note
-------+----------+-------------------------------------------
     0 | D:1      | Morbidden the Troll Conjurer began the quest for the Orb.
     0 | D:1      | Reached XP level 1. HP: 16/16 MP: 1/1
   211 | D:1      | Reached XP level 2. HP: 22/24 MP: 2/2
   414 | D:1      | Found a faded altar of an unknown god.
  1115 | D:1      | Reached XP level 3. HP: 32/32 MP: 4/4
  1118 | D:1      | Learned a level 2 spell: Searing Ray
  1233 | D:2      | Reached skill level 1 in Unarmed Combat
  1834 | D:2      | Reached XP level 4. HP: 40/40 MP: 1/5
  2482 | D:3      | Found an opulent altar of Gozag.
  2828 | D:3      | Found a broken altar of Ashenzari.
  2828 | D:3      | Found a hazy altar of Hepliaklqana.
  3013 | D:3      | Found a faded altar of an unknown god.
  3018 | D:3      | Found an iron altar of Okawaru.
  3182 | D:4      | Reached skill level 1 in Fighting
  3182 | D:4      | Reached XP level 5. HP: 38/48 MP: 6/6
  3649 | D:4      | Learned a level 4 spell: Iskenderun's Mystic Blast
  3968 | D:4      | Learned a level 1 spell: Beastly Appendage
  4000 | D:4      | Reached XP level 6. HP: 55/55 MP: 8/8
  4142 | D:4      | Noticed a yak
  4142 | D:4      | Noticed a yak
  4142 | D:4      | Noticed a yak
  4142 | D:4      | Noticed a yak
  4142 | D:4      | Noticed a yak
  4142 | D:4      | Noticed a yak
  4186 | D:4      | Killed a yak
  4189 | D:4      | Killed a yak
  4190 | D:4      | Reached XP level 7. HP: 27/63 MP: 9/9
  4618 | D:5      | Entered Level 5 of the Dungeon
  4837 | D:5      | Reached skill level 1 in Translocations
  4837 | D:5      | Reached skill level 1 in Transmutations
  5003 | D:5      | Found a staircase to the Ecumenical Temple.
  5157 | Temple   | Entered the Ecumenical Temple
  5204 | Temple   | Became a worshipper of Cheibriados the Contemplative
  5476 | D:5      | Reached XP level 8. HP: 23/72 MP: 11/11
  6653 | D:6      | Mangled by an orc warrior

Illustrated notes

Levels and vault maps discovered:
D:1:      tarquinn_simple_flora_water_c, layout_basic,
          hellmonk_ecumenical_altar_heavens_door, minivault_14,
          kennysheep_small_spiral, minmay_misc_feat_roman
D:2:      layout_loops_ring, hex_tiny, minmay_misc_feat_alley
D:3:      layout_basic, lemuel_tele_altar, nicolae_overflow_ecumenical_swirl,
          gammafunk_temple_overflow_wave, chequers_serial_rivers_room_a,
          dk_vineyard_2
D:4:      nicolae_cairo_tiling_very_big, layout_loops_ring,
          kennysheep_generic_room_11
D:5:      layout_loops_ring, minmay_temple_entry_fiery, serial_bayou_pond_c
D:6:      layout_layer_cave, guppyfry_early_elven_hall
Temple:   minmay_temple_bridge_abc

Skill      XL: |  1  2  3  4  5  6  7  8 |
---------------+-------------------------+-----
Conjurations   | 3 4 |  4.4
Unarmed Combat | 1 2 3 4 |  4.3
Fighting       | 1 2 |  2.3
Dodging        | 2 3 |  3.6
Spellcasting   | 2 |  2.9
Translocations | 1 |  1.4
Transmutations | 1 |  1.7
Throwing       | |  0.2
Stealth        | |  1.6
Invocations    | |  0.3

Action                   |  1- 3 |  4- 6 |  7- 9 || total
-------------------------+-------+-------+-------++-------
Melee: Unarmed           |    96 |    75 |    58 ||   229
       Punch             |     1 |     1 |       ||     2
       Kick              |       |     9 |    11 ||    20
       Headbutt          |       |     1 |     5 ||     6
Throw: Boomerang         |       |     1 |     4 ||     5
 Cast: Magic Dart        |    29 |    57 |    15 ||   101
       Searing Ray       |       |     3 |    20 ||    23
       Beastly Appendage |       |     3 |    11 ||    14
  Use: Scroll            |       |     2 |       ||     2
 Stab: Sleeping          |     3 |       |       ||     3
Armor: Robe              |    31 |    18 |    12 ||    61
Dodge: Dodged            |    41 |    44 |    28 ||   113

Table legend: (Time is in decaauts)
 A = Elapsed time spent in this place.
 B = Non-inter-level travel time spent in this place.
 C = Inter-level travel time spent in this place.
 D = Time resting spent in this place.
 E = Time spent auto-exploring this place.
 F = Levels seen in this place.
 G = Mean time per level.
                   A        B        C        D        E       F      G
               +--------+--------+--------+--------+--------+-----+--------+
         Total |   6900 |   6623 |    277 |    767 |   4975 |   7 |  985.7 |
       Dungeon |   6826 |   6574 |    252 |    767 |   4934 |   6 | 1137.7 |
        Temple |     74 |     49 |     25 |      0 |     41 |   1 |   74.0 |
               +--------+--------+--------+--------+--------+-----+--------+

Top non-repeatable levels by time:
     D:5: 1683 daAuts
     D:4: 1471 daAuts
     D:1: 1128 daAuts
     D:2: 1043 daAuts
     D:3: 973 daAuts
     D:6: 526 daAuts
  Temple: 74 daAuts
